 Dungeon Crawl Stone Soup version 0.31-a0-691-g409c26a (webtiles) character file.

Game seed: 9485378695381827635

1149 BarneyGumball the Stinger (level 8, -2/68 HPs)
             Began as a Naga Venom Mage on Sept 6, 2023.
             Was a Believer of Cheibriados.
             Killed by an exploding butterfly (18 damage)
             ... ignited by their inner flame
             ... on level 6 of the Dungeon.
             The game lasted 00:32:05 (4874 turns).

BarneyGumball the Stinger (Naga Venom Mage)         Turns: 4874, Time: 00:32:05

Health: -2/68      AC:  6    Str: 15    XL:     8   Next: 38%
Magic:  2/12       EV: 11    Int: 22    God:    Cheibriados [**....]
Gold:   368        SH:  0    Dex: 18    Spells: 1/13 levels left

rFire   . . .        d - +0 spear
rCold   . . .        (no shield)
rNeg    . . .        k - +2 robe
rPois   +            (no helmet)
rElec   .            c - +0 cloak
rCorr   .            (no gloves)
SInv    +            (no barding)
Will    +....        (no amulet)
Stlth   +++          e - ring of wizardry
HPRegen 0.31/turn    p - ring of wizardry
MPRegen 0.13/turn

%: wizardry (x2)
@: very slow
A: AC +2, large, see invisible, deformed body, poison resistance, slowness 2,
spit poison 1, naga tail 1
a: Spit Poison, Renounce Religion, Bend Time


You were on level 6 of the Dungeon.
You worshipped Cheibriados.
Cheibriados was pleased with you.
You visited 1 branch of the dungeon, and saw 6 of its levels.

You collected 368 gold pieces.

Inventory:

Hand Weapons
 d - a +0 spear (weapon)
Missiles
 g - 6 poisoned darts (quivered)
 u - a curare-tipped dart
Armour
 c - a +0 cloak (worn)
 k - a +2 robe (worn)
Jewellery
 e - a ring of wizardry (left hand)
 p - a ring of wizardry (right hand)
Wands
 m - a wand of roots (7)
Scrolls
 j - a scroll of immolation
 o - a scroll of enchant armour {unknown}
 q - a scroll of butterflies
 r - a scroll of silence {unknown}
Potions
 b - 3 potions of magic
 f - a potion of lignification {unknown}
 h - a potion of mutation {unknown}
 i - 3 potions of curing
 l - 2 potions of might
 n - a potion of resistance {unknown}
 s - 2 potions of berserk rage
 t - a potion of invisibility {unknown}


   Skills:
 + Level 2.5 Fighting
 + Level 2.1 Armour
 + Level 2.8 Dodging
 + Level 5.4 Stealth
 - Level 3.1 Spellcasting
 - Level 3.0 Conjurations
 + Level 2.2 Translocations
 - Level 1.0 Transmutations
 - Level 3.0 Air Magic
 + Level 7.5 Poison Magic


You had one spell level left.
You knew the following spells:

 Your Spells              Type           Power      Damage    Failure   Level
a - Sting                 Tmut/Pois      88%        1d7       1%          1
b - Poisonous Vapours     Pois/Air       52%        N/A       1%          2
c - Mephitic Cloud        Conj/Pois/Air  23%        N/A       1%          3
d - Olgreb's Toxic Radia  Pois           36%        N/A       1%          4
e - Blink                 Tloc           26%        N/A       2%          2

Your spell library contained the following spells:

 Spells                   Type           Power      Damage    Failure   Level
 Momentum Strike          Conj/Tloc      30%        3d8       1%          2
 Lesser Beckoning         Tloc           26%        N/A       2%          2
 Gell's Gravitas          Tloc           13%        N/A       4%          3
 Teleport Other           Tloc           13%        N/A       4%          3
 Dispersal                Tloc           6%         N/A       85%         6


Dungeon Overview and Level Annotations

Branches:
Dungeon (6/15)             Temple (0/1) D:5

Altars:
Cheibriados
Ru
Trog
Uskayaw
Vehumet

Annotations:
D:5 Grinder


Innate Abilities, Weirdness & Mutations

Your serpentine skin is tough. (AC +2)
You have supernaturally acute eyesight. (SInv)
Armour fits poorly on your strangely shaped body.
Your system is resistant to poisons. (rPois)
You cover ground very slowly.
You can spit poison.
You have a snake-like lower body.


Message History

Your butterfly dies!
Your butterfly disappears in a burst of colours!
The orc warrior barely misses your butterfly.
The orc warrior hits your butterfly with a +0 battleaxe!
Your butterfly dies!
Your butterfly disappears in a burst of colours!
Cheibriados thoroughly appreciates the change of pace.
You feel a bit more experienced.
The orc warrior hits your butterfly with a +0 battleaxe!
Your butterfly dies!
Your butterfly disappears in a burst of colours!
The orc warrior misses your butterfly.
The orc warrior closely misses your butterfly.
The orc warrior barely misses your butterfly.
The orc warrior misses your butterfly.
The orc warrior closely misses your butterfly.
An iguana comes into view.
As you read the scroll labelled VECVUV ODWEUDO, it crumbles to dust.
The creatures around you are filled with an inner flame!
It was a scroll of immolation.
The orc warrior hits your butterfly with a +0 battleaxe!!
Your butterfly disappears in a burst of colours!
Your butterfly explodes!
The fiery explosion engulfs the orc warrior!!
Flame seeps out of the orc warrior.
The orc warrior is almost dead.
The fiery explosion engulfs your butterfly!!!
Your butterfly disappears in a burst of colours!
Your butterfly explodes!
The fiery explosion engulfs your butterfly!!
Your butterfly disappears in a burst of colours!
The fiery explosion engulfs your butterfly!
Your butterfly disappears in a burst of colours!
The fiery explosion engulfs your butterfly!
Your butterfly disappears in a burst of colours!
Your butterfly explodes!
The fiery explosion engulfs your butterfly!!!
Your butterfly disappears in a burst of colours!
The fiery explosion engulfs you!!
You die...

#.## #.≈≈#####...
#..#####..≈##......
##...≈≈≈............
##b.≈≈≈##............
##..≈≈........##.)....
##..~b.b..≈~.#.##......
#.....b≈l#.≈~.###......
#####bb.≈###≈≈.##.....†
##.@#≈# #...###..... #
#§§#### ##...##.[...
..## ##§§# ##..###....
....# ##§§##
##...##.... .....#
#o§## ###.#...#....
......###..#
##....#...#..)
.......#b.##
##.....##..###.
........)##
##......##...#..
.....)..)#
#......####>....


You could see an orc warrior (inner flame) and an iguana (inner flame).

Vanquished Creatures
  Edmund (D:4)
  A black bear (D:6)
  An ice beast (D:6)
  An ogre (D:5)
  2 centaurs (D:6)
  A kobold brigand (D:4)
  2 scorpions
  A howler monkey (D:6)
  A jelly (D:4)
  2 hounds (D:6)
  Jessica (D:2)
  An iguana (D:4)
  An orc wizard (D:4)
  9 adders
  3 gnolls (D:6)
  A shadow imp (D:6)
  2 ufetubi
  2 worms
  A dart slug (D:2)
  6 orcs
  A bat (D:2)
  9 endoplasms
  2 giant cockroaches
  10 hobgoblins
  11 jackals
  4 kobolds
  5 quokkas
  5 ball pythons
  6 frilled lizards
  4 goblins
  7 rats
104 creatures vanquished.

Notes
Turn   | Place    | Note
-------+----------+-------------------------------------------
     0 | D:1      | BarneyGumball the Naga Venom Mage began the quest for the
                  | Orb.
     0 | D:1      | Reached XP level 1. HP: 15/15 MP: 3/3
   105 | D:1      | Reached XP level 2. HP: 14/22 MP: 0/5
   315 | D:1      | Reached skill level 1 in Conjurations
   330 | D:1      | Reached skill level 1 in Air Magic
   387 | D:1      | Learned a level 2 spell: Poisonous Vapours
   572 | D:1      | Reached XP level 3. HP: 22/28 MP: 3/6
  1567 | D:2      | Noticed Jessica
  1588 | D:2      | Killed Jessica
  1589 | D:2      | Reached skill level 5 in Poison Magic
  1589 | D:2      | Reached XP level 4. HP: 33/36 MP: 5/7
  1774 | D:3      | Learned a level 3 spell: Mephitic Cloud
  1849 | D:3      | Found a snail-covered altar of Cheibriados.
  1869 | D:3      | Became a worshipper of Cheibriados the Contemplative
  2034 | D:3      | Reached XP level 5. HP: 42/42 MP: 6/8
  2263 | D:3      | Found a radiant altar of Vehumet.
  2772 | D:4      | Noticed Edmund
  2788 | D:4      | Killed Edmund
  2788 | D:4      | Reached * piety under Cheibriados
  2789 | D:4      | Reached XP level 6. HP: 16/49 MP: 0/10
  2794 | D:4      | Learned a level 4 spell: Olgreb's Toxic Radiance
  2868 | D:4      | Reached skill level 6 in Poison Magic
  3243 | D:4      | Found a hide-covered altar of Uskayaw.
  3861 | D:5      | Entered Level 5 of the Dungeon
  3874 | D:5      | Reached XP level 7. HP: 56/56 MP: 11/11
  3874 | D:5      | Found a staircase to the Ecumenical Temple.
  3916 | D:5      | Learned a level 2 spell: Blink
  4020 | D:5      | Reached skill level 1 in Fighting
  4152 | D:5      | Reached skill level 1 in Armour
  4214 | D:5      | Identified the +8 falchion "Jymaq" {heavy, rF+ rC+}
  4228 | D:5      | Noticed Grinder
  4239 | D:5      | Found a bloodstained altar of Trog.
  4252 | D:4      | Reached skill level 1 in Translocations
  4348 | D:6      | Found a sacrificial altar of Ru.
  4381 | D:6      | Reached ** piety under Cheibriados
  4612 | D:6      | Reached skill level 7 in Poison Magic
  4686 | D:6      | Reached XP level 8. HP: 66/67 MP: 12/12
  4715 | D:6      | Reached skill level 5 in Stealth
  4874 | D:6      | Killed by an exploding butterfly... ignited by their inner
                  | flame

Illustrated notes

Levels and vault maps discovered:
D:1:      nicolae_arrival_memento_mori, layout_basic
D:2:      layout_loops_cross, uniq_jessica
D:3:      layout_loops_ring, mainiacjoe_overflow_cross_hatched,
          mainiacjoe_overflow_six_doors_small, nrook_uturn,
          kennysheep_generic_room_10
D:4:      layout_cave_pods, nicolae_uskayaw_dance_hall, uniq_edmund
D:5:      layout_loops_cross, kennysheep_mini_moat, temple_pool_b,
          serial_co_window_serial, co_window_corner_a,
          co_window_of_opportunity_a, co_window_paths_a,
          co_window_of_opportunity_a, co_window_corner_a, co_window_broadway_a,
          co_window_cross_2, co_window_of_opportunity_b, co_window_paths_c,
          co_window_corner_b, co_window_corner_ca, co_window_unsneaky_path_d,
          co_window_paths_e, glass_columns_b, dilly_guarded_unrand_throatcut,
          uniq_grinder, uniq_prince_ribbit1
D:6:      layout_cave_pods, nicolae_ru_the_path_less_chosen, serial_rivers,
          chequers_serial_rivers_micro_c, chequers_serial_rivers_small_b,
          chequers_serial_rivers_small_b, chequers_serial_rivers_micro_e

Skill      XL: |  1  2  3  4  5  6  7  8 |
---------------+-------------------------+-----
Conjurations   | 1 2 3 |  3.0
Air Magic      | 1 2 3 |  3.0
Poison Magic   | 5 6 7 |  7.5
Spellcasting   | 3 |  3.1
Fighting       | 2 |  2.5
Dodging        | 2 |  2.8
Armour         | 1 2 |  2.1
Stealth        | 4 5 |  5.4
Translocations | 1 2 |  2.2
Transmutations | |  1.0

Action                     |  1- 3 |  4- 6 |  7- 9 || total
---------------------------+-------+-------+-------++-------
  Melee: Unarmed           |    11 |       |       ||    11
         Spear             |    32 |    51 |    46 ||   129
         Punch             |     1 |       |     3 ||     4
  Throw: Dart              |     3 |     7 |     8 ||    18
   Cast: Sting             |    23 |    35 |    37 ||    95
         Poisonous Vapours |       |     5 |     3 ||     8
         Mephitic Cloud    |       |     2 |       ||     2
         Olgreb's Toxic Ra |       |     1 |     1 ||     2
         Blink             |       |       |     3 ||     3
Ability: Spit Poison       |    36 |    39 |    19 ||    94
  Evoke: Wand              |       |       |     1 ||     1
    Use: Scroll            |       |     4 |     5 ||     9
         Potion            |       |       |     1 ||     1
   Stab: Sleeping          |     1 |       |       ||     1
         Confused          |       |     2 |       ||     2
         Distracted        |       |       |     1 ||     1
 Armour: Robe              |    40 |    30 |    75 ||   145
  Dodge: Dodged            |    32 |    23 |    43 ||    98

Table legend: (Time is in decaauts)
 A = Elapsed time spent in this place.
 B = Non-inter-level travel time spent in this place.
 C = Inter-level travel time spent in this place.
 D = Time resting spent in this place.
 E = Time spent auto-exploring this place.
 F = Levels seen in this place.
 G = Mean time per level.
                   A        B        C        D        E       F      G
               +--------+--------+--------+--------+--------+-----+--------+
         Total |   7286 |   6830 |    456 |    398 |   5107 |   6 | 1214.3 |
       Dungeon |   7286 |   6830 |    456 |    398 |   5107 |   6 | 1214.3 |
               +--------+--------+--------+--------+--------+-----+--------+

Top non-repeatable levels by time:
     D:4: 1957 daAuts
     D:3: 1510 daAuts
     D:1: 1350 daAuts
     D:2: 939 daAuts
     D:6: 837 daAuts
     D:5: 692 daAuts
